 Dungeon Crawl Stone Soup version 0.18.1-5-g4a78601 (webtiles) character file.

532 PossumBlood the Archer (level 7, -9/45 HPs)
             Began as a High Elf Hunter on May 10, 2016.
             Mangled by an ogre
             ... wielding a +0 giant club
              (20 damage)
             ... on level 3 of the Dungeon.
             The game lasted 00:09:26 (3096 turns).

PossumBlood the Archer (High Elf Hunter)            Turns: 3096, Time: 00:09:27

Health: -9/45      AC:  7    Str: 11    XL:     7   Next: 4%
Magic:  8/8        EV: 12    Int: 14    God:
Gold:   283        SH:  0    Dex: 19    Spells: 0 memorised, 6 levels left

rFire  . . .     SeeInvis .     a - +2 shortbow
rCold  . . .     Gourm    .     c - +1 leather armour
rNeg   . . .     Faith    .     (shield currently unavailable)
rPois  .         Spirit   .     (no helmet)
rElec  .         Dismiss  .     e - +2 cloak {+Inv}
rCorr  .         Reflect  .     (no gloves)
SustAt .         Harm     .     (no boots)
MR     .....     Rnd*Tele +     (no amulet)
Stlth  +.........               j - ring of loudness (curse)
                                t - ring of teleportation (curse)

@: not resistant to hostile enchantments, very unstealthy
A: no striking features
a: Evoke Invisibility


You were on level 3 of the Dungeon.
You were hungry.

You visited 1 branch of the dungeon, and saw 4 of its levels.
You also visited: Sewer.

You collected 283 gold pieces.

Inventory:

Hand Weapons
 a - a +2 shortbow (weapon)
 b - a +0 short sword
Missiles
 d - 39 arrows (quivered)
 o - 4 steel javelins
Armour
 c - a +1 leather armour (worn)
 e - a +2 cloak of invisibility (worn)
Jewellery
 f - a +3 ring of protection {unknown}
 h - an uncursed ring of protection from fire
 j - a cursed ring of loudness (right hand)
 m - an uncursed ring of ice {unknown}
 t - a cursed ring of teleportation (left hand)
Scrolls
 g - 4 scrolls of recharging
 y - a scroll of fog
Potions
 k - 3 potions of might
 l - a potion of experience {unknown}
 n - 2 potions of brilliance {unknown}
 p - 4 potions of curing {unknown}
 q - a potion of degeneration {unknown}
 u - a potion of invisibility {unknown}
 w - a potion of lignification {unknown}
 x - a potion of mutation {unknown}
 A - 2 potions of magic {unknown}
 B - 2 potions of haste {unknown}
Comestibles
 i - a beef jerky
 v - a bread ration


   Skills:
 - Level 2.0 Fighting
 * Level 11.0 Bows
 - Level 2.1 Dodging
 - Level 1.1 Stealth


You had 6 spell levels left.
You didn't know any spells.

Dungeon Overview and Level Annotations

Branches:
Dungeon (4/15)
 Temple: D:4-7

Altars:
Makhleb
Nemelex Xobeh
Pakellas
The Shining One


Message History

There is a stone staircase leading down here.
Found 6 gold pieces.
Found a stone staircase leading up.
You see here an encrusted glass ring.
m - an encrusted glass ring The ogre barely misses you.
The ogre hits you with a giant club.
* * * LOW HITPOINT WARNING * * *
There is a stone staircase leading up, spattered with blood here.
The ogre misses you.
You climb upwards.
There is a stone staircase leading down here.
Drink which item? (? for menu, Esc to quit)
Okay, then.
You feel a little less agile now.
There is an open door here.
You are feeling hungry.
There is an escape hatch in the ceiling here.
The ogre hits you with a giant club!!
You die...

..###### #.##.......##.#...
.......# #.###.....###.....
#.####.# #.#.##...## #.....
....##.#### #.#.##...# #..###
.....#....# #.#.##...# #..#..
.....#....# #.#.##...# #..#.#
._........# #.#.###.## #..#.#
.....#....# #.#.# #.#####.....
.....#....######@#.# #.......###.
....##....'....O.#.########### #.
#.####....#####..#.##.....# ##
........#........#.##.###.#
##...##..........#.#.<..>.# ##
##.#.####<.......#.##†##########.
##.#..........##.#.#..........÷..
##.######.###.##.#...............
##.#### #.# #.##.#.##############


You could see an ogre.

Vanquished Creatures
  2 giant frogs (Sewer)
  An orc wizard (D:3)
  Jessica (D:2)
  A worker ant (D:3)
  14 adders
  6 river rats (Sewer)
  2 oozes
  3 worms
  3 dart slugs
  2 giant geckos
  14 orcs
  6 bats
  7 giant cockroaches
  7 goblins
  4 hobgoblins
  8 jackals
  3 quokkas
  15 ball pythons
  A giant newt (Sewer)
  3 kobolds
  29 rats
132 creatures vanquished.

Notes
Turn   | Place    | Note
--------------------------------------------------------------
     0 | D:1      | PossumBlood the High Elf Hunter began the quest for the Orb.
     0 | D:1      | Reached XP level 1. HP: 14/14 MP: 2/2
   373 | D:1      | Reached XP level 2. HP: 19/19 MP: 3/3
   394 | D:1      | Reached skill level 6 in Bows
   668 | D:2      | Reached XP level 3. HP: 24/24 MP: 4/4
   830 | D:2      | Reached skill level 7 in Bows
  1040 | D:2      | Noticed Jessica
  1043 | D:2      | Killed Jessica
  1043 | D:2      | Reached XP level 4. HP: 29/29 MP: 5/5
  1129 | D:2      | Found a sparkling altar of Nemelex Xobeh.
  1302 | D:2      | Found a glowing golden altar of the Shining One.
  1383 | D:2      | Reached skill level 8 in Bows
  1415 | D:3      | Found an oddly glowing altar of Pakellas.
  1535 | D:3      | Reached XP level 5. HP: 34/34 MP: 6/6
  1857 | D:3      | Found a glowing drain.
  1897 | Sewer    | Entered a sewer
  2000 | Sewer    | Reached skill level 9 in Bows
  2193 | Sewer    | Reached XP level 6. HP: 28/39 MP: 7/7
  2348 | Sewer    | Reached skill level 10 in Bows
  2581 | D:3      | Found a burning altar of Makhleb.
  2707 | D:3      | Reached XP level 7. HP: 41/45 MP: 8/8
  2800 | D:3      | Reached skill level 11 in Bows
  3016 | D:4      | HP: 2/45 [ogre/giant club (21)]
  3035 | D:4      | HP: 1/45 [ogre/giant club (3)]
  3096 | D:3      | Mangled by an ogre

Skill      XL: |  1  2  3  4  5  6  7 |
---------------+----------------------+-----
Bows           | 6 7 8 9 10 11 | 11.0
Fighting       | |  2.0
Dodging        | |  2.1
Stealth        | |  1.1

Action                   |  1- 3 |  4- 6 |  7- 9 || total
-------------------------+-------+-------+-------++-------
 Fire: Shortbow          |    89 |   284 |    11 ||   384
  Use: Scroll            |       |    10 |       ||    10
       Potion            |       |       |     1 ||     1
  Eat: Bread ration      |       |     1 |       ||     1
       Beef jerky        |       |     1 |       ||     1
Armor: Leather armour    |     3 |    28 |     3 ||    34
Dodge: Dodged            |    19 |    50 |     5 ||    74
